 Dungeon Crawl Stone Soup version 0.14-a0-3278-gb24e923 (webtiles) character file.

295 Kae the Chopper (level 5, 0/45 HPs)
             Began as a Hill Orc Fighter on Mar 13, 2014.
             Slain by an orc
             ... wielding a +0,+0 trident
              (3 damage)
             ... on Level 3 of the Dungeon.
             The game lasted 00:02:12 (1694 turns).

Kae the Chopper (Hill Orc Fighter)                  Turns: 1694, Time: 00:02:12

HP   0/45        AC  9     Str 25      XL: 5   Next: 83%
MP   5/5         EV  7     Int  8      God:
Gold 90          SH 19     Dex 10      Spells:  0 memorised,  4 levels left

rFire  . . .     SeeInvis .     a - +0 war axe
rCold  . . .     Clarity  .     b - +0 scale mail
rNeg   . . .     Conserve .     c - +0 shield
rPois  .         rCorr    .     (no helmet)
rElec  .         rRot     .     o - +0 cloak
SustAb . .       Spirit   .     n - +0 pair of gloves
rMut   .         Warding  .     (no boots)
Saprov + . .     Stasis   .     (no amulet)
MR     .....                    (no ring)
                                (no ring)

@: mighty, not resistant to hostile enchantments, extremely unstealthy
A: saprovore 1
a: no special abilities


You were on level 3 of the Dungeon.
You were not hungry.

You visited 1 branch of the dungeon, and saw 3 of its levels.

You collected 90 gold pieces.

Inventory:

Hand weapons
 a - a +0,+0 war axe (weapon)
Armour
 b - a +0 scale mail (worn)
 c - a +0 shield (worn)
 n - a +0 pair of gloves (worn)
 o - a +0 cloak (worn)
Comestibles
 d - 3 meat rations
 i - an orange
 p - a slice of pizza
Scrolls
 h - a scroll of enchant armour {unknown}
 k - a scroll of enchant weapon I {unknown}
 l - 3 scrolls of remove curse {unknown}
 m - a scroll of enchant weapon II {unknown}
 q - a scroll of magic mapping {unknown}
 t - a scroll of identify {unknown}
Jewellery
 g - an uncursed amulet of warding {unknown}
 r - an uncursed ring of magical power {unknown}
Potions
 f - a potion of lignification {unknown}
 j - 2 potions of brilliance {unknown}
 s - a potion of haste {unknown}


   Skills:
 - Level 3.6 Fighting
 + Level 7.7 Axes
 - Level 3.2 Armour
 - Level 3.2 Shields


You had 4 spell levels left.
You didn't know any spells.

Dungeon Overview and Level Annotations

Branches:
Dungeon (3/15)

Altars:
Fedhas


Innate Abilities, Weirdness & Mutations

You can tolerate rotten meat.


Message History

* * * LOW HITPOINT WARNING * * *
The orc hits you but does no damage.
You barely miss the orc wizard.
The orc wizard is moderately wounded.
The orc wizard hits you but does no damage.
The orc hits you but does no damage.
The orc wizard hits you but does no damage.
Your scale mail prevents you from hitting the orc wizard.
The orc wizard is moderately wounded.
The orc wizard hits you with a dagger.
* * * LOW HITPOINT WARNING * * *
The orc barely misses you.
You barely miss the orc wizard.
The orc wizard is moderately wounded.
The orc wizard points at you and mumbles some strange words.
The magic dart hits you! You block the orc's attack.
You slice the orc wizard!!
You kill the orc wizard!
The orc hits you from afar with a trident.
You die...

.%....## .......# .......#
.......# . .......# ...
######.# .... ######'###
.....
......<(.##########.......
........)%%.....@)o.......
.........#################
.........# .........#
.........# .(.......#
.........# ##########


You could see an orc.

Vanquished Creatures
  An orc priest (D:3)
  An orc wizard (D:3)
  Jessica (D:2)
  4 gnolls (D:2)
  2 adders
  A giant mite (D:3)
  A worm (D:2)
  6 orcs (D:3)
  2 giant cockroaches
  9 goblins
  6 hobgoblins
  7 jackals
  3 ball pythons
  6 bats
  2 giant newts
  A goblin zombie (D:3)
  4 kobolds
  7 rats
64 creatures vanquished.

Notes
Turn   | Place    | Note
--------------------------------------------------------------
     0 | D:1      | Kae, the Hill Orc Fighter, began the quest for the Orb.
     0 | D:1      | Reached XP level 1. HP: 19/19 MP: 1/1
    90 | D:1      | Reached XP level 2. HP: 17/26 MP: 2/2
   191 | D:1      | Reached skill level 4 in Axes
   410 | D:2      | Noticed Jessica
   423 | D:2      | Killed Jessica
   423 | D:2      | Reached skill level 5 in Axes
   423 | D:2      | Reached XP level 3. HP: 17/31 MP: 3/3
   642 | D:2      | Found a blossoming altar of Fedhas.
   792 | D:2      | Reached XP level 4. HP: 37/39 MP: 4/4
   887 | D:2      | Reached skill level 6 in Axes
  1332 | D:3      | Reached XP level 5. HP: 35/45 MP: 5/5
  1477 | D:3      | Reached skill level 7 in Axes
  1692 | D:3      | HP: 2/45 [orc wizard/dagger (1)]
  1694 | D:3      | Slain by an orc

Action                   |  1- 3 |  4- 6 || total
-------------------------+-------+-------++-------
Melee: War axe           |    91 |    95 ||   186
  Use: Potion            |       |     2 ||     2
 Stab: Invisible         |       |     3 ||     3
